 Seeded DCSS version 0.29-a0-559-g359e09b9d1 (webtiles) character file.

Game seed: 8572682691686822440 (custom seed)

13839 happo123 the Covert (level 11, 50/64 HPs)
             Began as a Vampire Enchanter on June 10, 2022.
             Was an Elder of Wu Jian.
             Quit the game on level 11 of the Dungeon.
             The game lasted 00:55:56 (11446 turns).

happo123 the Covert (Vampire Enchanter)            Turns: 11446, Time: 00:55:56

Health: 50/64      AC: 12    Str: 13    XL:     11   Next: 80%
Magic:  7/20       EV: 14    Int: 30    God:    Wu Jian [****..]
Gold:   697        SH:  0    Dex: 14    Spells: 11/22 levels left

rFire   . . .      SeeInvis +   J - +4 short sword of Saqybav {vamp, Int+7}
rCold   + + .      Faith    .   e - orb {guile}
rNeg    + + +      Spirit   .   H - +2 leather armour {Will+}
rPois   ∞          Reflect  .   l - +1 helmet
rElec   .          Harm     .   S - +0 cloak
rCorr   .          Rampage  .   y - +2 pair of gloves
Will    .....                   f - +0 pair of boots
Stlth   +++++++...              (no amulet)
HPRegen 0.00/turn               M - +6 ring of strength
MPRegen 0.17/turn               (no ring)

@: marked, bloodless, inhibited regen, invisible
A: bloodless, fangs 3, see invisible, vampiric 2
a: Bat Form, Revivify, Renounce Religion, Wall Jump, Serpent's Lash


You were on level 11 of the Dungeon.
You worshipped Wu Jian.
Wu Jian was greatly pleased with you.
You visited 2 branches of the dungeon, and saw 12 of its levels.
You also visited: Ossuary.

You collected 897 gold pieces.
You spent 200 gold pieces at shops.

Inventory:

Hand Weapons
 J - the +4 short sword of Saqybav (weapon) {vamp, Int+7}
   (You bought it in a shop on level 6 of the Dungeon)

   It occasionally heals its wielder for a portion of the damage dealt when it
   wounds a living foe.
   Int:       It affects your intelligence (+7).
Armour
 e - an orb of guile (worn)
 f - a +0 pair of boots (worn)
 l - a +1 helmet (worn)
 y - a +2 pair of gloves (worn)
 H - a +2 leather armour of willpower (worn)
 R - a +0 troll leather armour
 S - a +0 cloak (worn)
Magical Staves
 I - a staff of conjuration
Jewellery
 i - an amulet of regeneration
 M - a +6 ring of strength (left hand)
Wands
 q - a wand of polymorph (15)
 B - a wand of paralysis (6)
Scrolls
 b - a scroll of identify
 d - 7 scrolls of fear {unknown}
 h - 4 scrolls of magic mapping {unknown}
 j - 2 scrolls of blinking {unknown}
 k - 7 scrolls of teleportation
 n - 2 scrolls of summoning
 t - 4 scrolls of enchant weapon
 v - a scroll of vulnerability {unknown}
 D - a scroll of brand weapon {unknown}
 E - 2 scrolls of poison
 G - 3 scrolls of fog
 P - 4 scrolls of amnesia
 Q - a scroll of immolation {unknown}
Potions
 a - a potion of degeneration {unknown}
 c - 2 potions of invisibility
 g - 3 potions of curing
 m - 3 potions of heal wounds {unknown}
 o - a potion of resistance {unknown}
 p - 3 potions of flight {unknown}
 r - 2 potions of ambrosia {unknown}
 u - a potion of lignification {unknown}
 z - 3 potions of haste {unknown}
 C - a potion of magic {unknown}
 K - 2 potions of brilliance {unknown}
 L - 4 potions of might {unknown}
 N - 2 potions of cancellation {unknown}
 O - a potion of attraction {unknown}


   Skills:
 + Level 5.6 Fighting
 + Level 6.8 Short Blades
 + Level 7.3 Dodging
 * Level 14.2 Stealth
 + Level 6.1 Spellcasting
 * Level 13.2 Hexes
 + Level 3.3 Translocations
 + Level 6.0 Ice Magic


You had 11 spell levels left.
You knew the following spells:

 Your Spells              Type           Power      Damage    Failure   Level
a - Ensorcelled Hibernat  Hex/Ice        100%       N/A       1%          2
b - Confusing Touch       Hex            73%        N/A       1%          3
c - Tukima's Dance        Hex            73%        N/A       1%          3
d - Frozen Ramparts       Ice            90%        1d11      1%          3

Your spell library contained the following spells:

 Spells                   Type           Power      Damage    Failure   Level
 Apportation              Tloc           58%        N/A       1%          1
 Freeze                   Ice            100%       1d11      1%          1
 Dazzling Flash           Conj/Hex       98%        N/A       1%          3
 Blink                    Tloc           58%        N/A       2%          2
 Lesser Beckoning         Tloc           29%        N/A       4%          3
 Necrotize                Necr           36%        1d5       7%          1
 Summon Small Mammal      Summ           36%        N/A       7%          1
 Hailstorm                Conj/Ice       27%        3d7       19%         4
 Vampiric Draining        Necr           9%         2d6       21%         3
 Manifold Assault         Tloc           29%        N/A       43%         5
 Agony                    Necr           9%         N/A       88%         5


Dungeon Overview and Level Annotations

Branches:
Dungeon (11/15)            Temple (1/1) D:5            Lair (0/6) D:9
    Orc (0/2) D:11        Ossuary (visited)

Altars:
Ashenzari
Cheibriados
Dithmenos
Elyvilon
Fedhas
Gozag
Hepliaklqana
Kikubaaqudgha
Makhleb
Nemelex Xobeh
Okawaru
Qazlal
Ru
Sif Muna
Trog
Uskayaw
Vehumet
Wu Jian
Xom
Yredelemnul
Zin
The Shining One

Shops:
D:6 (


Innate Abilities, Weirdness & Mutations

You do not regenerate when monsters are visible.
You are frail without blood (-20% HP).
You can heal yourself when you bite living creatures.
You are immune to poison.
You have razor-sharp teeth.
You have supernaturally acute eyesight. (SInv)
You are afflicted with vampirism and can become a bat while bloodless.


Message History

Aim: a manticore (almost dead, chance to affect: 84%)
The manticore resists with some effort.
The manticore closely misses you.
The manticore claws you but does no damage.
The manticore closely misses you. The gnoll sergeant misses you.
Aiming: Ensorcelled Hibernation (safe; 1% risk of failure)
Press: ? - help, Q - select action, (/) - cycle Shift-Dir - straight line, f/p - manticore
Aim: a manticore (almost dead, chance to affect: 84%)
The manticore resists with some effort.
The gnoll sergeant hits you but does no damage.
The manticore bites you but does no damage.
The manticore closely misses you. x2
Aiming: Ensorcelled Hibernation (safe; 1% risk of failure)
Press: ? - help, Q - select action, (/) - cycle Shift-Dir - straight line, f/p - manticore
Aim: a manticore (almost dead, chance to affect: 84%)
The manticore resists with some effort.
The manticore misses you. The manticore claws you!
The manticore claws you but does no damage.
The gnoll sergeant hits you from afar with a +0 spear!
* * * LOW HITPOINT WARNING * * *
You fade into invisibility!
The manticore closely misses you. The manticore barely misses you.
The manticore closely misses you.
The gnoll sergeant hits you from afar with a +0 spear.
* * * LOW HITPOINT WARNING * * *
You hit the manticore but do no damage.
The manticore is almost dead.
The manticore closely misses you. x3; The gnoll sergeant misses you.
You barely miss the manticore.
You bite the manticore, but do no damage.
The manticore is almost dead.
The manticore bites you!
* * * LOW HITPOINT WARNING * * *
The manticore claws you.
Your necklace shatters, unleashing a wave of protective dreams!
You dream of health, friendship, and clouds.
The manticore claws you.
The gnoll sergeant hits you from afar with a +0 spear.
Unknown command.
Are you sure you want to abandon this character and quit the game? (Confirm with "yes".)

#### ### ###### #..
..# #.....##.####.#
#.#........$#.#
#.#.#..#.##.#.#
#.#.##.#.##.#.#
#####g#.).......#.##
#YD@Ho).##..........
#Y###g..!..........[
.....'..)............
###.###...............
#g#######....... #g#
.........


Hgo ........<. .... #.######## .... .. You could see a manticore (can't see you,
ally target), a gnoll sergeant (can't see you), a gnoll (can't see you), an orc
(can't see you), 2 friendly yaks and a friendly acid dragon (summoned).

Vanquished Creatures
  Harold (D:10)
  A hydra (D:11)
  4 two-headed ogres
  A komodo dragon (D:9)
  A gargoyle (D:11)
  An unseen horror (D:11)
  3 kobold demonologists
  3 trolls
  Grinder (D:3)
  2 wyverns
  11 yaks
  3 steam dragons
  A wraith (D:10)
  Menkaure (D:4)
  2 vampire mosquitoes (D:11)
  3 water moccasins
  7 orc warriors
  4 sky beasts
  4 black bears (D:9)
  An ogre (D:7)
  4 centaurs
  2 phantoms
  5 bullfrogs
  A gnoll sergeant (D:9)
  3 kobold brigands
  A necrophage (D:5)
  4 scorpions
  3 killer bees (D:7)
  2 electric eels (D:7)
  4 howler monkeys
  A crimson imp (D:9)
  A human zombie (Ossuary)
  11 orc priests
  A centaur zombie (Ossuary)
  6 hounds
  2 jellies (D:7)
  A gnoll shaman (D:8)
  Jessica (D:3)
  An iguana (D:4)
  10 orc wizards
  3 mummies
  8 adders
  19 gnolls
  A white imp (D:9)
  An ufetubus (D:4)
  3 worms
  4 dart slugs
  36 orcs
  8 ball pythons
  6 endoplasms
  A giant cockroach (D:2)
  3 gnoll zombies (Ossuary)
  3 goblins
  5 hobgoblins
  2 quokkas
  7 bats
  5 frilled lizards
  3 goblin zombies (Ossuary)
  4 hobgoblin zombies (Ossuary)
  26 kobolds
  2 orc zombies (Ossuary)
  8 rats
277 creatures vanquished.

Vanquished Creatures (collateral kills)
  3 orc warriors
  An orc priest (D:11)
  An orc wizard (D:11)
  2 orcs
7 creatures vanquished.

Vanquished Creatures (others)
  29 fungi (D:9)
  30 plants (D:9)
59 creatures vanquished.

Grand Total: 343 creatures vanquished

Notes
Turn   | Place    | Note
-------+----------+-------------------------------------------
     0 | D:1      | happo123 the Vampire Enchanter began the quest for the Orb.
     0 | D:1      | Reached XP level 1. HP: 13/13 MP: 3/3
    50 | D:1      | Found a faded altar of an unknown god.
   315 | D:1      | Reached XP level 2. HP: 14/19 MP: 5/5
   318 | D:1      | Learned a level 2 spell: Ensorcelled Hibernation
  1098 | D:2      | Gained mutation: You are afflicted with vampirism and can
                  | become a bat while bloodless. [Vampire growth]
  1098 | D:2      | Reached XP level 3. HP: 25/25 MP: 0/6
  1102 | D:2      | Learned a level 3 spell: Confusing Touch
  1203 | D:2      | Reached skill level 5 in Stealth
  1203 | D:2      | Reached skill level 5 in Hexes
  1557 | D:2      | Reached XP level 4. HP: 24/24 MP: 7/7
  1922 | D:3      | Reached skill level 1 in Fighting
  1977 | D:3      | Noticed Grinder
  1990 | D:3      | Killed Grinder
  1991 | D:3      | Reached skill level 6 in Stealth
  1991 | D:3      | Reached skill level 1 in Ice Magic
  1991 | D:3      | Reached XP level 5. HP: 29/29 MP: 1/9
  1991 | D:3      | Reached XP level 6. HP: 34/34 MP: 1/10
  1995 | D:3      | Learned a level 3 spell: Tukima's Dance
  2466 | D:3      | Noticed Jessica
  2473 | D:3      | Killed Jessica
  2841 | D:4      | Noticed Menkaure
  2873 | D:4      | Killed Menkaure
  2874 | D:4      | Reached skill level 7 in Stealth
  2874 | D:4      | Reached XP level 7. HP: 37/40 MP: 5/11
  2879 | D:4      | Learned a level 3 spell: Frozen Ramparts
  3191 | D:5      | Entered Level 5 of the Dungeon
  3222 | D:5      | Found a staircase to the Ecumenical Temple.
  3231 | Temple   | Entered the Ecumenical Temple
  3234 | Temple   | Became a worshipper of the Wu Jian Council
  3914 | D:5      | Reached skill level 8 in Stealth
  4329 | D:5      | Found the dreamshard necklace {*Dream Drain}
  4366 | D:6      | Reached XP level 8. HP: 45/45 MP: 8/13
  4586 | D:6      | Found Esesamae's Antique Weapon Shop.
  4764 | D:6      | Reached skill level 9 in Stealth
  4863 | D:6      | Found a shimmering altar of Xom.
  5034 | D:6      | Reached * piety under Wu Jian
  5532 | D:7      | Reached XP level 9. HP: 51/51 MP: 9/15
  5888 | D:7      | Reached skill level 5 in Dodging
  5888 | D:7      | Reached skill level 10 in Stealth
  5914 | D:6      | Bought a bloodstained short sword for 200 gold pieces
  5914 | D:6      | Identified the +4 short sword of Saqybav {vamp, Int+7} (You
                  | bought it in a shop on level 6 of the Dungeon)
  6239 | D:7      | Reached ** piety under Wu Jian
  6668 | D:7      | Reached skill level 10 in Hexes
  6910 | D:8      | Found a sand-covered staircase.
  6916 | Ossuary  | Entered an ossuary
  7366 | D:8      | Reached skill level 11 in Stealth
  7770 | D:8      | Reached skill level 5 in Short Blades
  7913 | D:9      | Noticed a troll
  7921 | D:9      | Killed a troll
  8028 | D:9      | Reached *** piety under Wu Jian
  8029 | D:9      | Reached XP level 10. HP: 57/57 MP: 10/17
  8155 | D:9      | Found a staircase to the Lair.
  8178 | D:9      | Reached skill level 1 in Translocations
  8182 | D:9      | Reached skill level 5 in Spellcasting
  8261 | D:9      | Reached skill level 12 in Stealth
  8566 | D:9      | Noticed a two-headed ogre
  8572 | D:9      | Killed a two-headed ogre
  8573 | D:9      | Reached skill level 5 in Ice Magic
  9077 | D:10     | Entered Level 10 of the Dungeon
  9184 | D:10     | Noticed Harold
  9194 | D:10     | Killed Harold
  9224 | D:10     | Reached skill level 5 in Fighting
  9224 | D:10     | Reached XP level 11. HP: 54/63 MP: 10/19
  9438 | D:10     | Reached **** piety under Wu Jian
  9463 | D:10     | Reached skill level 13 in Stealth
  9959 | D:10     | Noticed a two-headed ogre
  9965 | D:10     | Killed a two-headed ogre
 10337 | D:11     | Noticed a four-headed hydra
 10343 | D:11     | Killed a four-headed hydra
 10978 | D:11     | Noticed a two-headed ogre
 11003 | D:11     | Killed a two-headed ogre
 11004 | D:11     | Reached skill level 14 in Stealth
 11101 | D:11     | Noticed a centaur warrior
 11350 | D:11     | Found a staircase to the Orcish Mines.
 11411 | D:11     | Noticed a two-headed ogre
 11417 | D:11     | Killed a two-headed ogre
 11445 | D:11     | HP: 3/64 [manticore (12)]
 11446 | D:11     | Quit the game

Illustrated notes

Levels and vault maps discovered:
D:1:      ncdulo_lavacross, layout_basic, serial_rivers,
          chequers_serial_rivers_marsh, chequers_serial_rivers_micro_c,
          chequers_serial_rivers_large_a, chequers_serial_rivers_small_a,
          chequers_serial_rivers_micro_e, chequers_serial_rivers_room_b,
          ebering_ecumenical_altar_box, serial_bayou_ford_a
D:2:      layout_loops_ring, minmay_surrounded
D:3:      layout_loops_ring, item_on_display_b, uniq_jessica, uniq_grinder
D:4:      layout_rooms, uniq_menkaure
D:5:      layout_loops_corners, minmay_temple_entry_large_hall, minivault_27,
          chequers_decorated_corner
D:6:      layout_basic, mainiacjoe_overflow_cross_hatched, serial_shops,
          nicolae_take_the_stairs, hangedman_decor_growths
D:7:      cheibrodos_helix_gallery, layout_basic
D:8:      layout_loops_cross, gup_ossuary_entry_pyramid
D:9:      layout_irregular_city, due_lair_maze_entry_diamond,
          minmay_fire_ice_demons
D:10:     layout_stronghold, uniq_harold
D:11:     layout_basic, david_orc_4, grunt_tough_drop
Temple:   dpeg_three_leaves_temple

Skill      XL: |  1  2  3  4  5  6  7  8  9 10 11 |
---------------+----------------------------------+-----
Stealth        | 5 6 7 8 9 11 12 14 | 14.2
Hexes          | 5 6 7 9 10 12 13 | 13.2
Fighting       | 1 2 3 4 5 |  5.6
Short Blades   | 2 3 4 5 6 |  6.8
Dodging        | 3 4 5 6 7 |  7.3
Ice Magic      | 1 2 3 4 5 6 |  6.0
Spellcasting   | 3 4 5 6 |  6.1
Translocations | 2 3 |  3.3

Action                   |  1- 3 |  4- 6 |  7- 9 | 10-12 || total
-------------------------+-------+-------+-------+-------++-------
Melee: Dagger            |    93 |    61 |   100 |       ||   254
       Bite              |    10 |     8 |    14 |    25 ||    57
       Short sword       |       |       |   103 |   196 ||   299
 Cast: Ensorcelled Hiber |    17 |     6 |    44 |    48 ||   115
       Confusing Touch   |       |     4 |     6 |     7 ||    17
       Frozen Ramparts   |       |       |    12 |    11 ||    23
       Tukima's Dance    |       |       |     3 |     6 ||     9
Invok: Lunge             |       |       |    38 |    31 ||    69
       Whirlwind         |       |       |    32 |    31 ||    63
       Serpent's Lash    |       |       |       |     1 ||     1
 Abil: Exsanguinate      |     1 |       |       |       ||     1
  Use: Scroll            |       |       |       |     7 ||     7
       Potion            |       |       |       |     1 ||     1
 Stab: Sleeping          |    21 |    20 |    67 |    42 ||   150
       Confused          |       |     4 |     4 |     5 ||    13
       Distracted        |       |       |     1 |     5 ||     6
Armor: Robe              |    17 |     7 |    11 |       ||    35
       Leather armour    |       |       |    54 |    40 ||    94
Dodge: Dodged            |    58 |    20 |    83 |   104 ||   265

Table legend: (Time is in decaauts)
 A = Elapsed time spent in this place.
 B = Non-inter-level travel time spent in this place.
 C = Inter-level travel time spent in this place.
 D = Time resting spent in this place.
 E = Time spent auto-exploring this place.
 F = Levels seen in this place.
 G = Mean time per level.
                   A        B        C        D        E       F      G
               +--------+--------+--------+--------+--------+-----+--------+
         Total |  11429 |  10588 |    841 |    259 |   8235 |  13 |  879.2 |
       Dungeon |  11110 |  10285 |    825 |    224 |   8180 |  11 | 1010.0 |
        Temple |     80 |     64 |     16 |      0 |     55 |   1 |   80.0 |
       Ossuary |    237 |    237 |      0 |     35 |      0 |   1 |  237.0 |
               +--------+--------+--------+--------+--------+-----+--------+

Top non-repeatable levels by time:
     D:7: 1428 daAuts
    D:11: 1177 daAuts
    D:10: 1172 daAuts
     D:9: 1164 daAuts
     D:5: 1082 daAuts
     D:6: 1080 daAuts
     D:1: 1022 daAuts
     D:2: 854 daAuts
     D:8: 791 daAuts
     D:3: 775 daAuts
     D:4: 561 daAuts
 Ossuary: 237 daAuts
  Temple: 80 daAuts
